 Dungeon Crawl Stone Soup version 0.21.1-1-g345015f (webtiles) character file.

378 Mgcat the Insei (level 6, -3/43 HPs)
             Began as an Octopode Transmuter on Mar 23, 2018.
             Slain by a troll (15 damage)
             ... on level 5 of the Dungeon.
             The game lasted 00:09:54 (2771 turns).

Mgcat the Insei (Octopode Transmuter)               Turns: 2771, Time: 00:09:55

Health: -3/43      AC:  1    Str: 10    XL:     6   Next: 74%
Magic:  4/9        EV: 13    Int: 17    God:
Gold:   132        SH:  0    Dex: 12    Spells: 3/9 levels left

rFire    x . .     SeeInvis .     - Unarmed
rCold    + . .     Gourm    .   (no shield)
rNeg     . . .     Faith    .   (helmet restricted)
rPois    +         Spirit   .   (no amulet)
rElec    .         Reflect  .   p - ring of ice {rC+, rF-}
rCorr    .         Harm     .   m - ring of poison resistance {rPois, !d}
MR       .....                  (no ring)
Stlth    ++........             (no ring)
HPRegen  0.14/turn              (no ring)
MPRegen  0.11/turn              (no ring)
                                (no ring)
                                (no ring)

@: appendage, very slightly contaminated
A: almost no armour, stealthy swim, amphibious, 8 rings, constrict 8, tentacle
spike 3, camouflage 1, gelatinous body 1
a: End Transformation


You were on level 5 of the Dungeon.
You were not hungry.
One of your tentacles had a temporary spike.
You visited 1 branch of the dungeon, and saw 5 of its levels.

You collected 132 gold pieces.

Inventory:

Missiles
 a - 94 arrows
 d - 8 tomahawks (quivered)
Jewellery
 m - a ring of poison resistance (right tentacle) {rPois, !d}
   (You found it on level 3 of the Dungeon)
 p - a ring of ice (left tentacle) {rC+, rF-}
   (You found it on level 3 of the Dungeon)
Wands
 i - a wand of disintegration (12)
   (You found it on level 4 of the Dungeon)
Scrolls
 e - a scroll of enchant weapon
 f - 4 scrolls of identify
 l - a scroll of blinking {unknown}
Potions
 g - a potion of lignification {unknown}
 h - a potion of ambrosia {unknown}
 j - a potion of haste {unknown}
 k - 2 potions of magic {unknown}
 n - 3 potions of curing
Books
 b - a book of Changes
Comestibles
 c - 9 rations


   Skills:
 + Level 4.0 Fighting
 - Level 2.0 Dodging
 + Level 5.1 Unarmed Combat
 - Level 2.0 Spellcasting
 + Level 3.8 Transmutations
 + Level 0.0 Poison Magic


You had 3 spell levels left.
You knew the following spells:

 Your Spells              Type           Power        Failure   Level  Hunger
a - Beastly Appendage     Tmut           ##....       4%          1    #......
b - Sticks to Snakes      Tmut           ##......     6%          2    ###....
c - Spider Form           Tmut/Pois      #.........   26%         3    ###....


Dungeon Overview and Level Annotations

Branches:
Dungeon (5/15)
 Temple: D:4-7

Altars:

Annotations:
D:3 Falque's ghost, amateur MiBe
D:4 2 exclusions


Innate Abilities, Weirdness & Mutations

You cannot wear most types of armour.
You are very stealthy in the water. (Stealth+)
You are amphibious.
You can wear up to eight rings at the same time.
You can use your tentacles to constrict eight enemies at once.
Your skin changes colour to match your surroundings (Stealth+).
Your rubbery body absorbs attacks. (AC +1, EV +1)
One of your tentacles bears a large vicious spike.


Message History

You see here a trident.
Your tentacle spike disappears.
A yak comes into view.
You see here a trident.
You are feeling hungry.
Some of the chunks of flesh in your inventory have rotted away.
Unknown command.
Unknown command.
Unknown command.
Eating one of 10 chunks of flesh {@w0}.
You eat one of the 10 chunks of flesh {@w0}.
This raw flesh tastes terrible.
You see here a jackal skeleton.
l - a scroll labeled MELEPS SEURY A leopard gecko skeleton comes into view.
Casting: Beastly Appendage
Confirm with . or Enter, or press ? or * to list all spells.
One of your tentacles grows a vicious spike.
A worm comes into view.
The helpless leopard gecko skeleton fails to defend itself.
You bludgeon the leopard gecko skeleton!
You destroy the leopard gecko skeleton!
You tentacle-slap the worm. You grab the worm.
The worm is lightly wounded.
You constrict the worm, but do no damage.
You tentacle-slap the worm.
The worm is moderately wounded.
You constrict the worm. The worm bites you.
You tentacle-slap the worm. You squeeze the worm.
The worm is severely wounded.
You constrict the worm. You tentacle-slap the worm.
You kill the worm!
No target in view!
No target in view!
Your transformation is almost over.
Your tentacle spike disappears.
Some of the chunks of flesh in your inventory have rotted away.
Key pressed, stopping explore.
Unknown command.
Found a stone staircase leading up.
There is a stone staircase leading up here.
You climb upwards.
Level annotation: Falque's ghost, amateur MiBe
There is a stone staircase leading down here.
m - a large peridot ring Put on which piece of jewellery? (? for menu, Esc to quit)
m - a ring of poison resistance (right tentacle)
There is a stone staircase leading down here.
You climb downwards.
Level annotation: 2 exclusions
There is a stone staircase leading up here.
All of the chunks of flesh in your inventory have rotted away.
The frilled lizard is too close now for your liking.
Casting: Beastly Appendage
Confirm with . or Enter, or press ? or * to list all spells.
One of your tentacles grows a vicious spike.
The frilled lizard hisses angrily.
You bludgeon the frilled lizard!
You kill the frilled lizard!
No target in view!
No target in view!
There is a stone staircase leading down here.
Your transformation is almost over.
Items here: )))) [[ a runed robe; a dagger; a robe; a dagger; a mace; a club
There is a stone staircase leading down here.
Your tentacle spike disappears.
You climb downwards.
A quokka zombie comes into view.
There is a stone staircase leading up here.
Unknown command.
Unknown command.
Unknown command.
The teleport trap disappears.
The quokka zombie disappears!
You open the door.
There is an open door here.
Found a stone staircase leading down.
A troll comes into view.
The troll shouts!
Casting: Beastly Appendage
Confirm with . or Enter, or press ? or * to list all spells.
One of your tentacles grows a vicious spike.
Casting: Beastly Appendage
Confirm with . or Enter, or press ? or * to list all spells.
You miscast Sticks to Snakes.
You are very lightly contaminated with residual magic.
Strange energies run through your body. The troll bites you!
The troll claws you. The troll closely misses you.
Casting: Sticks to Snakes
Confirm with . or Enter, or press ? or * to list all spells.
You create a snake!
You now have 94 arrows.
The troll barely misses you. The troll claws you! The troll claws you.
The troll bites you.
* * * LOW HITPOINT WARNING * * *
The troll misses you. The troll completely misses you.
Your ball python bites the troll.
There is a stone staircase leading up here.
The troll bites you!
You die...

....... ......)..
......... #......#
#......###
#........#
.........#........#
.........#......@.#
.........#.....T..#
.........#.....S..#
.........#........#
.T.....#........#
#...##..##...##
..###...##..##...##
............'.....#
...>........#.....#


You could see a troll and a friendly ball python.

Vanquished Creatures
  An ogre (D:2)
  An iguana (D:4)
  2 worker ants (D:4)
  3 orc wizards (D:4)
  5 adders
  An ooze (D:2)
  3 worms
  2 dart slugs (D:1)
  2 leopard geckos
  5 orcs
  9 bats
  2 giant cockroaches
  7 goblins
  4 hobgoblins (D:2)
  8 jackals
  A quokka (D:3)
  A ball python (D:1)
  6 frilled lizards
  8 kobolds
  A leopard gecko skeleton (D:4)
  10 rats
82 creatures vanquished.

Vanquished Creatures (collateral kills)
  An adder (D:3)
1 creature vanquished.

Vanquished Creatures (others)
  A bat (D:1)
1 creature vanquished.

Grand Total: 84 creatures vanquished

Notes
Turn   | Place    | Note
-------+----------+-------------------------------------------
     0 | D:1      | Mgcat the Octopode Transmuter began the quest for the Orb.
     0 | D:1      | Reached XP level 1. HP: 13/13 MP: 3/3
    93 | D:1      | Reached XP level 2. HP: 14/18 MP: 3/5
   357 | D:1      | Reached skill level 2 in Fighting
   578 | D:1      | Reached XP level 3. HP: 24/24 MP: 4/6
   582 | D:1      | Learned a level 2 spell: Sticks to Snakes
   586 | D:1      | Learned a level 3 spell: Spider Form
   927 | D:2      | Reached XP level 4. HP: 16/30 MP: 5/7
   929 | D:2      | Reached skill level 4 in Unarmed Combat
  1355 | D:2      | Noticed an ogre
  1371 | D:2      | Killed an ogre
  1371 | D:2      | Reached skill level 3 in Fighting
  1371 | D:2      | Reached XP level 5. HP: 36/36 MP: 1/8
  1507 | D:2      | Reached skill level 3 in Transmutations
  1748 | D:3      | Noticed Falque's ghost (amateur MiBe)
  2113 | D:4      | Reached XP level 6. HP: 37/42 MP: 7/9
  2248 | D:4      | Reached skill level 5 in Unarmed Combat
  2472 | D:4      | Reached skill level 4 in Fighting
  2505 | D:4      | Noticed a yak
  2730 | D:5      | Entered Level 5 of the Dungeon
  2752 | D:5      | Noticed a troll
  2771 | D:5      | Slain by a troll

Skill      XL: |  1  2  3  4  5  6 |
---------------+-------------------+-----
Fighting       | 2 3 4 |  4.0
Unarmed Combat | 4 5 |  5.1
Transmutations | 3 |  3.8
Dodging        | |  2.0
Spellcasting   | |  2.0

Action                   |  1- 3 |  4- 6 || total
-------------------------+-------+-------++-------
Melee: Unarmed           |    80 |   105 ||   185
       Constrict         |    19 |    24 ||    43
       Kick              |    16 |    27 ||    43
       Tentacles         |     9 |    17 ||    26
       Punch             |     1 |     3 ||     4
 Cast: Beastly Appendage |    20 |    26 ||    46
       Sticks to Snakes  |       |     8 ||     8
  Use: Scroll            |       |     5 ||     5
 Stab: Sleeping          |     8 |     9 ||    17
  Eat: Chunk             |       |     7 ||     7
Armor: Skin              |     4 |     3 ||     7
Dodge: Dodged            |    55 |    63 ||   118

Vault maps used:
D:1:      minmay_arrival_up_and_down
D:2:      first_ration
D:4:      minmay_small_thing
D:5:      nicolae_overflow_hidden_temple, temple_pool_b,
          uniq_crazy_yiuf_cottage, uniq_ijyb

Table legend:
 A = Turns spent in this place as a percentage of turns spent in the entire game.
 B = Non-inter-level travel turns spent in this place as a percentage of non-inter-level travel turns spent in the entire game.
 C = Inter-level travel turns spent in this place as a percentage of turns spent in this place.
 D = Turns resting spent in this place as a percentage of non-inter-level travel turns spent in this place.
 E = Turns spent auto-exploring this place as a percentage of non-inter-level travel turns spent in this place.
 F = Non-inter-level travel turns spent in this place divided by the number of levels of this place that you've seen.
                   A       B       C       D       E      F
               +-------+-------+-------+-------+-------+----------------------
         Total | 100.0 | 100.0 |   5.9 |   0.2 |  71.2 | 521.4
       Dungeon | 100.0 | 100.0 |   5.9 |   0.2 |  71.2 | 521.4
               +-------+-------+-------+-------+-------+----------------------

Table legend:
 A = Kills in this place as a percentage of kills in entire the game.
 B = Kills by you in this place as a percentage of kills by you in the entire game.
 C = Kills by friends in this place as a percentage of kills by friends in the entire game.
 D = Other kills in this place as a percentage of other kills in the entire game.
 E = Experience gained in this place as a percentage of experience gained in the entire game.
 F = Experience gained in this place divided by the number of levels of this place that you have seen.
                   A       B       C       D       E      F
               +-------+-------+-------+-------+-------+----------------------
         Total | 100.0 | 100.0 | 100.0 |   N/A | 100.0 | 108.0
       Dungeon | 100.0 | 100.0 | 100.0 |   N/A | 100.0 | 108.0
               +-------+-------+-------+-------+-------+----------------------
